 Dungeon Crawl Stone Soup version 0.18.1-50-g88ac8fd (webtiles) character file.

89 Gargoyl the Skirmisher (level 4, 0/37 HPs)
             Began as a Demonspawn Abyssal Knight on Oct 26, 2016.
             Was a Believer of Lugonu.
             Slain by a river rat (5 damage)
             ... on level 3 of the Dungeon.
             The game lasted 00:04:19 (1887 turns).

Gargoyl the Skirmisher (Demonspawn Abyssal Knight)  Turns: 1887, Time: 00:04:20

Health: 0/37       AC: 10    Str: 12 (13) XL:     4   Next: 31%
Magic:  6/6        EV:  5    Int: 19      God:    Lugonu [**....]
Gold:   93         SH:  0    Dex: 13 (14) Spells: 0 memorised, 3 levels left

rFire  . . .     SeeInvis .     n - +1 war axe (freeze)
rCold  + . .     Gourm    .     g - +0 chain mail
rNeg   . . .     Faith    .     (no shield)
rPois  .         Spirit   .     (no helmet)
rElec  .         Dismiss  .     (no cloak)
rCorr  .         Reflect  .     e - +0 pair of gloves
SustAt +         Harm     .     (no boots)
MR     .....                    (no amulet)
Stlth  ..........               r - ring of protection from cold
                                k - ring of sustain attributes

@: brilliant, hasted, very quick, not resistant to hostile enchantments,
extremely unstealthy
A: talons 1, thin skeletal structure 1
a: Depart the Abyss, Bend Space, Renounce Religion


You were on level 3 of the Dungeon.
You worshipped Lugonu.
Lugonu was pleased with you.
You were hungry.

You visited 1 branch of the dungeon, and saw 3 of its levels.
You visited the Abyss 1 time.

You collected 93 gold pieces.

Inventory:

Hand Weapons
 a - a +1 hand axe
 n - a +1 war axe of freezing (weapon)
Armour
 e - a +0 pair of gloves (worn)
 g - a +0 chain mail (worn)
Jewellery
 k - a ring of sustain attributes (left hand)
 r - a ring of protection from cold (right hand)
Scrolls
 d - a scroll of immolation {unknown}
 j - 2 scrolls of teleportation
 m - a scroll of fog
Potions
 i - a potion of cancellation {unknown}
 l - a potion of mutation {unknown}
 o - a potion of curing {unknown}
 q - a potion of cure mutation {unknown}
Books
 p - a book of Ice

   Spells                             Type                      Level
   a - Ice Form                       Ice/Transmutation            4
   b - Metabolic Englaciation         Hexes/Ice                    5
   c - Ozocubu's Refrigeration        Ice                          6
   d - Bolt of Cold                   Conjuration/Ice              6
   e - Freezing Cloud                 Conjuration/Ice/Air          6
   f - Simulacrum                     Ice/Necromancy               6
Comestibles
 c - 4 bread rations


   Skills:
 + Level 3.8 Fighting
 + Level 2.0 Axes
 * Level 2.9 Armour
 + Level 1.1 Dodging
 * Level 3.4 Invocations


You had 3 spell levels left.
You didn't know any spells.

Dungeon Overview and Level Annotations

Branches:
Dungeon (3/15)

Altars:

Portals:
Sewer: D:3


Innate Abilities, Weirdness & Mutations

You have sharp toenails.
You have a somewhat thin skeletal structure (Dex +2, Stealth).


Message History

The river rat is severely wounded.
The river rat bites you. x2
You barely miss the river rat.
The river rat is severely wounded.
The river rat bites you but does no damage.
Drink which item? (? for menu, Esc to quit)
It was a potion of degeneration.
There was something very wrong with that liquid.
You feel somewhat weakened.
You feel dopey for a moment.
You feel somewhat clumsy.
The river rat bites you but does no damage.
Drink which item? (? for menu, Esc to quit)
It was a potion of brilliance.
You feel clever all of a sudden. The river rat bites you!
* * * LOW HITPOINT WARNING * * *
Drink which item? (? for menu, Esc to quit)
It was a potion of haste.
You feel yourself speed up. The river rat bites you.
You die...

............#.#..............
............#................
..............#.........)....
........###.#.########...####
............#.# #...#
#####...#####.# #...#
####.#.### #.# #...[..
#.........###.# #....#.#
#.#######wrr@.# #...>#.#
#≈≈≈≈≈'wr#### #..... #
#≈≈≈≈≈#(.# #≈≈∩≈≈#..#
#≈≈≈≈≈#..# .#######..# . ...#
...# ####


You could see 2 worms and 3 river rats.

Vanquished Creatures
  3 adders (D:2)
  A gnoll (D:2)
  An ooze (D:2)
  2 worms (D:2)
  A dart slug (D:2)
  A giant gecko (D:1)
  5 giant cockroaches
  7 goblins
  4 hobgoblins
  2 kobolds
  A quokka (D:2)
  3 bats
  4 giant newts
  4 rats
39 creatures vanquished.

Notes
Turn   | Place    | Note
--------------------------------------------------------------
     0 | Abyss:1  | Gargoyl the Demonspawn Abyssal Knight began the quest for the Orb.
     0 | Abyss:1  | Reached XP level 1. HP: 18/18 MP: 2/2
    69 | Abyss:1  | Noticed a small abomination
    80 | Abyss:1  | Found a corrupted altar of Lugonu.
    87 | Abyss:1  | Noticed an earth elemental
    99 | Abyss:1  | Noticed a large abomination
   117 | D:1      | Escaped the Abyss
   167 | D:1      | Reached * piety under Lugonu
   433 | D:1      | Reached skill level 1 in Dodging
   439 | D:1      | Gained mutation: You have sharp toenails. [demonic ancestry]
   439 | D:1      | Reached XP level 2. HP: 19/24 MP: 3/3
  1090 | D:2      | Gained mutation: You have a somewhat thin skeletal structure (Dex +2, Stealth). [demonic ancestry]
  1090 | D:2      | Reached XP level 3. HP: 20/29 MP: 5/5
  1569 | D:2      | Reached XP level 4. HP: 34/37 MP: 6/6
  1871 | D:3      | Found a glowing drain.
  1874 | D:3      | Reached ** piety under Lugonu
  1887 | D:3      | Slain by a river rat

Skill      XL: |  1  2  3  4 |
---------------+-------------+-----
Armour         | 2 |  2.9
Dodging        | 1 |  1.1
Invocations    | 3 |  3.4
Axes           | 2 |  2.0
Fighting       | |  3.8

Action                   |  1- 3 |  4- 6 || total
-------------------------+-------+-------++-------
Melee: Hand axe          |    78 |       ||    78
       Kick              |    12 |     5 ||    17
       War axe           |    24 |    36 ||    60
Invok: Depart the Abyss  |     1 |       ||     1
  Use: Scroll            |     1 |     6 ||     7
       Potion            |       |     3 ||     3
  Eat: Chunk             |     2 |     1 ||     3
Armor: Chain mail        |    67 |    38 ||   105
       Leather armour    |     5 |       ||     5
Dodge: Dodged            |    39 |    11 ||    50
